3AA
TACOMA FUR TRADERS @ SAN ANTONIO BC
05/28/2021
 
TOP OF THE 1ST
Tacoma Fur Traders batting - Pitching for San Antonio BC : LHP Shawn Arnold
Pitching: LHP Shawn Arnold
Batting: RHB Tony Romero 0-0: Ball
1-0: Ball
2-0: SINGLE (Groundball, 6MD)
Batting: RHB Jim Unknown 0-0: DOUBLE (Flyball, 78XD)
Tony Romero to third
Batting: RHB José Cruz 0-0: SINGLE (Line Drive, 6MD)
Tony Romero scores
Jim Unknown to third
Batting: RHB Mario Castillo 0-0: Ball
1-0: Ball
2-0: Foul Ball, location: 2F
2-1: Foul Ball, location: 2F
2-2: Ball
Passed Ball!
Jim Unknown scores
José Cruz to second
3-2: Foul Ball, location: 2F
3-2: Strikes out looking
Batting: RHB Cristo González 0-0: Ball
1-0: Called Strike
1-1: Ball
2-1: SINGLE (Groundball, 56D)
José Cruz to third
Runner from 3rd tries for Home, SAFE, no throw or cutoff
Batting: RHB Gonzalo Manuel 0-0: Ball
1-0: Swinging Strike
1-1: Ball
2-1: Ball
3-1: Grounds into double play, 1-6-3 (Groundball, 13S)
Top of the 1st over - 3 run(s), 4 hit(s), 0 error(s), 0 left on base; Tacoma 3 - San Antonio 0
BOTTOM OF THE 1ST
San Antonio BC batting - Pitching for Tacoma Fur Traders : RHP Jon Dunn
Pitching: RHP Jon Dunn
Batting: RHB José Muńóz 0-0: Called Strike
0-1: SINGLE (Groundball, 56)
Batting: SHB Carlos Kramer 0-0: Ball
Throwing error on steal attempt, E2
José Muńóz to third
1-0: Fly out, F8 (Flyball, 8LD)
Runner from 3rd tags up, SCORES, no throw
Batting: LHB Jesús Reyes 0-0: Foul Ball, location: 2F
0-1: Ball
1-1: Foul Ball, location: 2F
1-2: SINGLE (Groundball, 4MD)
Batting: RHB Alex Maxwell 0-0: Ball
1-0: Ball
2-0: Foul Ball, location: 2F
2-1: Fielders Choice at 2nd, 1-6 (Groundball, 13S)
Batting: RHB Riley Howard 0-0: Ball
Alex Maxwell is caught stealing 2nd base
Bottom of the 1st over - 1 run(s), 2 hit(s), 1 error(s), 0 left on base; Tacoma 3 - San Antonio 1
TOP OF THE 2ND
Tacoma Fur Traders batting - Pitching for San Antonio BC : LHP Shawn Arnold
Batting: RHB Jim Unknown 0-0: Ball
1-0: Swinging Strike
1-1: Ball
2-1: Foul Ball, location: 2F
2-2: TRIPLE (Line Drive, 8LD)
Batting: LHB Jim Unknown 0-0: DOUBLE (Line Drive, 89M)
Jim Unknown scores
Batting: RHB Ronald Hines 0-0: Foul Ball, location: 2F
0-1: Foul Ball, location: 2F
0-2: Ball
1-2: Ball
2-2: Ball
3-2: SINGLE (Flyball, 8LS)
Jim Unknown to third
Batting: RHB Tony Romero 0-0: Called Strike
0-1: Foul Ball, location: 2F
0-2: Ball
1-2: Ball
2-2: SINGLE (Line Drive, 4M)
Jim Unknown scores
Ronald Hines to second
Batting: RHB Jim Unknown 0-0: Ball
Single, Error in OF, E7, batter to second base
Ronald Hines scores
Tony Romero to third
Batting: RHB José Cruz 0-0: Ground out 5-3 (Groundball, 56S)
Tony Romero scores
Jim Unknown to third
Batting: RHB Mario Castillo 0-0: Ball
1-0: Ball
2-0: Called Strike
2-1: Called Strike
2-2: Strikes out swinging
Batting: RHB Cristo González 0-0: Called Strike
0-1: Ball
1-1: Ball
2-1: Foul Ball, location: 2F
2-2: Ball
3-2: Fly out, F9 (Flyball, 89M)
Top of the 2nd over - 4 run(s), 5 hit(s), 1 error(s), 1 left on base; Tacoma 7 - San Antonio 1
BOTTOM OF THE 2ND
San Antonio BC batting - Pitching for Tacoma Fur Traders : RHP Jon Dunn
Batting: RHB Riley Howard 0-0: Ball
1-0: Swinging Strike
1-1: Foul Ball, location: 2F
1-2: Foul Ball, location: 2F
1-2: Ground out 5-3 (Groundball, 5)
Batting: SHB Lionel Merlet 0-0: Called Strike
0-1: Ball
1-1: Fly out, F7 (Line Drive, 78D)
Batting: RHB Bobby Buck 0-0: Ball
1-0: Called Strike
1-1: Ball
2-1: Called Strike
2-2: Foul Ball, location: 2F
2-2: Fly out, F7 (Flyball, 7D)
Bottom of the 2nd over - 0 run(s), 0 hit(s), 0 error(s), 0 left on base; Tacoma 7 - San Antonio 1
TOP OF THE 3RD
Tacoma Fur Traders batting - Pitching for San Antonio BC : LHP Shawn Arnold
Batting: RHB Gonzalo Manuel 0-0: Ball
1-0: Foul Ball, location: 2F
1-1: Foul Ball, location: 2F
1-2: Fly out, F8 (Flyball, 78M)
Batting: RHB Jim Unknown 0-0: Swinging Strike
0-1: Foul Ball, location: 2F
0-2: Strikes out looking
Batting: LHB Jim Unknown 0-0: Ball
1-0: Called Strike
1-1: SINGLE (Line Drive, 8RS)
Batting: RHB Ronald Hines 0-0: Called Strike
0-1: Foul Ball, location: 2F
0-2: Ball
1-2: Foul Ball, location: 2F
1-2: Ball
2-2: Foul Ball, location: 2F
2-2: Ball
3-2: Foul Ball, location: 2F
3-2: Base on Balls
Jim Unknown to second
Batting: RHB Tony Romero 0-0: Ball
1-0: SINGLE (Line Drive, 7LS)
Jim Unknown to third
Ronald Hines to second
Runner from 3rd tries for Home, SAFE, no throw or cutoff
Pitching: RHP Aubrey Harris
Batting: RHB Jim Unknown 0-0: Called Strike
0-1: Ball
1-1: Ball
2-1: Ball
3-1: Base on Balls
Ronald Hines to third
Tony Romero to second
Batting: RHB José Cruz 0-0: Ball
1-0: Ball
2-0: Ball
3-0: Base on Balls
Ronald Hines scores
Tony Romero to third
Jim Unknown to second
Batting: RHB Mario Castillo 0-0: SINGLE (Groundball, 56D)
Tony Romero scores
Jim Unknown to third
José Cruz to second
Runner from 3rd tries for Home, SAFE, no throw or cutoff
Batting: RHB Cristo González 0-0: Ball
1-0: 3-RUN HOME RUN (Flyball, 7D), Distance : 402 ft
Batting: RHB Gonzalo Manuel 0-0: Ball
1-0: Ball
2-0: Called Strike
2-1: Foul Ball, location: 2F
2-2: Fly out, F7 (Flyball, 7M)
Top of the 3rd over - 7 run(s), 4 hit(s), 0 error(s), 0 left on base; Tacoma 14 - San Antonio 1
BOTTOM OF THE 3RD
San Antonio BC batting - Pitching for Tacoma Fur Traders : RHP Jon Dunn
Batting: RHB Tony Hernández 0-0: Foul Ball, location: 2F
0-1: Bunted foul
0-2: Ball
1-2: Ball
2-2: Ball
3-2: Foul Ball, location: 2F
3-2: Base on Balls
Batting: RHB Micah Miller 0-0: Ball
1-0: Ball
2-0: Foul Ball, location: 2F
2-1: Foul Ball, location: 2F
2-2: Ball
3-2: SINGLE (Line Drive, 78S)
Tony Hernández to second
Batting: RHB José Muńóz 0-0: Called Strike
0-1: Called Strike
0-2: Ball
1-2: Ball
2-2: Grounds into double play, 5-4-3 (Groundball, 5)
Tony Hernández to third
Batting: SHB Carlos Kramer 0-0: Called Strike
0-1: Ball
1-1: Foul Ball, location: 2F
1-2: Foul Ball, location: 2F
1-2: SINGLE (Line Drive, 9LS)
Tony Hernández scores
Batting: LHB Jesús Reyes 0-0: Ball
1-0: Swinging Strike
1-1: Called Strike
1-2: Ball
Carlos Kramer steals 2nd base
2-2: Ball
3-2: Base on Balls
Batting: RHB Alex Maxwell 0-0: Ball
1-0: Foul Ball, location: 2F
1-1: Ball
2-1: Foul Ball, location: 2F
2-2: Foul Ball, location: 2F
2-2: Ball
Passed Ball!
Carlos Kramer to third
Jesús Reyes to second
3-2: Ground out 6-3 (Groundball, 6)
Bottom of the 3rd over - 1 run(s), 2 hit(s), 0 error(s), 2 left on base; Tacoma 14 - San Antonio 2
TOP OF THE 4TH
Tacoma Fur Traders batting - Pitching for San Antonio BC : RHP Aubrey Harris
Pitching: RHP Chris Smith
Batting: RHB Jim Unknown 0-0: Ball
1-0: Called Strike
1-1: Swinging Strike
1-2: SINGLE (Groundball, 56)
Batting: LHB Jim Unknown 0-0: Grounds out, U3 (Groundball, 3L)
Batting: RHB Ronald Hines 0-0: Ball
1-0: Called Strike
1-1: Foul Ball, location: 2F
1-2: Ball
2-2: Ball
3-2: Foul Ball, location: 2F
3-2: Base on Balls
Batting: RHB Tony Romero 0-0: Ball
1-0: Foul Ball, location: 2F
1-1: Called Strike
1-2: Strikes out swinging
Batting: RHB Jim Unknown 0-0: Fielders Choice at 2nd, 6-4 (Groundball, 6)
Top of the 4th over - 0 run(s), 1 hit(s), 0 error(s), 1 left on base; Tacoma 14 - San Antonio 2
BOTTOM OF THE 4TH
San Antonio BC batting - Pitching for Tacoma Fur Traders : RHP Jon Dunn
Batting: RHB Riley Howard 0-0: Foul Ball, location: 2F
0-1: Ball
1-1: Foul Ball, location: 2F
1-2: Strikes out swinging
Batting: SHB Lionel Merlet 0-0: Ball
1-0: Called Strike
1-1: Ground out 4-3 (Groundball, 4M)
Batting: RHB Bobby Buck 0-0: Ground out 5-3 (Groundball, 5S)
Bottom of the 4th over - 0 run(s), 0 hit(s), 0 error(s), 0 left on base; Tacoma 14 - San Antonio 2
TOP OF THE 5TH
Tacoma Fur Traders batting - Pitching for San Antonio BC : RHP Chris Smith
Batting: RHB José Cruz 0-0: Called Strike
0-1: Ball
1-1: Ball
2-1: Ball
3-1: Base on Balls
Batting: RHB Mario Castillo 0-0: Called Strike
0-1: Ball
1-1: Called Strike
1-2: Fly out, F8 (Line Drive, 8LS)
Batting: RHB Cristo González 0-0: Called Strike
0-1: Called Strike
0-2: Ball
1-2: Strikes out swinging
Batting: RHB Gonzalo Manuel 0-0: Ball
1-0: Swinging Strike
1-1: Called Strike
1-2: SINGLE (Groundball, 56)
José Cruz to second
Batting: RHB Jim Unknown 0-0: Called Strike
0-1: Swinging Strike
0-2: Ball
1-2: Foul Ball, location: 2F
1-2: Ball
2-2: Ball
3-2: Foul Ball, location: 2F
3-2: Foul Ball, location: 2F
3-2: Strikes out swinging
Top of the 5th over - 0 run(s), 1 hit(s), 0 error(s), 2 left on base; Tacoma 14 - San Antonio 2
BOTTOM OF THE 5TH
San Antonio BC batting - Pitching for Tacoma Fur Traders : RHP Jon Dunn
Batting: RHB Tony Hernández 0-0: Called Strike
0-1: Ball
1-1: Ball
2-1: Fly out, F2 (Popup, 23F)
Batting: RHB Micah Miller 0-0: Ball
1-0: Ground out 4-3 (Groundball, 4)
Batting: RHB José Muńóz 0-0: Ground out 3-1 (Groundball, 34)
Bottom of the 5th over - 0 run(s), 0 hit(s), 0 error(s), 0 left on base; Tacoma 14 - San Antonio 2
TOP OF THE 6TH
Tacoma Fur Traders batting - Pitching for San Antonio BC : RHP Chris Smith
Batting: LHB Jim Unknown 0-0: Swinging Strike
0-1: Ball
1-1: Fly out, F5 (Popup, 56S)
Batting: RHB Ronald Hines 0-0: Called Strike
0-1: Ball
1-1: SOLO HOME RUN (Line Drive, 78XD), Distance : 426 ft
Pinch Hitting: RHB Dale Blair 0-0: Ball
1-0: Swinging Strike
1-1: Ball
2-1: Foul Ball, location: 2F
2-2: SINGLE (Line Drive, 78S)
Batting: RHB Jim Unknown 0-0: Called Strike
0-1: Called Strike
0-2: Strikes out swinging
Batting: RHB José Cruz 0-0: 2-RUN HOME RUN (Flyball, 7D), Distance : 389 ft
Pitching: LHP José Martínez
Batting: RHB Mario Castillo 0-0: Called Strike
0-1: Ball
1-1: Ground out 6-3 (Groundball, 6M)
Top of the 6th over - 3 run(s), 3 hit(s), 0 error(s), 0 left on base; Tacoma 17 - San Antonio 2
BOTTOM OF THE 6TH
San Antonio BC batting - Pitching for Tacoma Fur Traders : RHP Jon Dunn
Now at 2B: Dale Blair
Batting: SHB Carlos Kramer 0-0: Ball
1-0: Called Strike
1-1: Ball
2-1: SINGLE (Line Drive, 6M)
Pinch Hitting: SHB Jim Unknown 0-0: Swinging Strike
0-1: Swinging Strike
0-2: Ball
1-2: SINGLE (Flyball, 9LM)
Carlos Kramer to second
Runner from 2nd tries for 3rd, SAFE, no throw or cutoff
Batting: RHB Alex Maxwell 0-0: Ball
1-0: Foul Ball, location: 2F
1-1: Foul Ball, location: 2F
1-2: Ball
2-2: Ground out 6-3 (Groundball, 6S)
Carlos Kramer scores
Jim Unknown to second
Batting: RHB Riley Howard 0-0: Ball
1-0: Fly out, F2 (Popup, 2RF)
Batting: SHB Lionel Merlet 0-0: Ball
1-0: DOUBLE (Groundball, 3D)
Jim Unknown scores
Batting: RHB Bobby Buck 0-0: Ball
1-0: Ball
2-0: Ground out 6-3 (Groundball, 6)
Bottom of the 6th over - 2 run(s), 3 hit(s), 0 error(s), 1 left on base; Tacoma 17 - San Antonio 4
TOP OF THE 7TH
Tacoma Fur Traders batting - Pitching for San Antonio BC : LHP José Martínez
Now at 1B: Jim Unknown
Batting: RHB Cristo González 0-0: Foul Ball, location: 2F
0-1: Called Strike
0-2: Ball
1-2: SINGLE (Line Drive, 6MD)
Batting: RHB Gonzalo Manuel 0-0: Called Strike
Cristo González steals 2nd base
0-1: Ball
1-1: Swinging Strike
1-2: Strikes out swinging
Batting: RHB Jim Unknown 0-0: Ball
1-0: Called Strike
1-1: Ground out 5-3 (Groundball, 5L)
Batting: LHB Jim Unknown 0-0: Ball
1-0: Ball
2-0: Fly out, F7 (Line Drive, 7S)
Top of the 7th over - 0 run(s), 1 hit(s), 0 error(s), 1 left on base; Tacoma 17 - San Antonio 4
BOTTOM OF THE 7TH
San Antonio BC batting - Pitching for Tacoma Fur Traders : RHP Jon Dunn
Batting: RHB Tony Hernández 0-0: Ball
1-0: Ball
2-0: Ball
3-0: Called Strike
3-1: Base on Balls
Batting: RHB Micah Miller 0-0: Ball
1-0: Ball
2-0: Ground out 5-3 (Groundball, 5S)
Tony Hernández to second
Batting: RHB José Muńóz 0-0: Ball
1-0: Ground out 5-3 (Groundball, 56)
Batting: SHB Carlos Kramer 0-0: Foul Ball, location: 2F
0-1: Foul Ball, location: 2F
0-2: Ground out 6-3 (Groundball, 6)
Bottom of the 7th over - 0 run(s), 0 hit(s), 0 error(s), 1 left on base; Tacoma 17 - San Antonio 4
TOP OF THE 8TH
Tacoma Fur Traders batting - Pitching for San Antonio BC : LHP José Martínez
Batting: RHB Ronald Hines 0-0: Called Strike
0-1: Ground out U3 (Groundball, 3)
Batting: RHB Dale Blair 0-0: Foul Ball, location: 2F
0-1: Ball
1-1: Swinging Strike
1-2: Ball
2-2: Ball
3-2: SINGLE (Line Drive, 4MD)
Batting: RHB Jim Unknown 0-0: Ball
1-0: Ball
2-0: Fly out, F7 (Line Drive, 7M)
Batting: RHB José Cruz 0-0: Foul Ball, location: 2F
0-1: Foul Ball, location: 2F
0-2: Ball
1-2: Foul Ball, location: 2F
1-2: Ball
2-2: Fielders Choice at 2nd, 5-4 (Groundball, 56)
Top of the 8th over - 0 run(s), 1 hit(s), 0 error(s), 0 left on base; Tacoma 17 - San Antonio 4
BOTTOM OF THE 8TH
San Antonio BC batting - Pitching for Tacoma Fur Traders : RHP Jon Dunn
Batting: SHB Jim Unknown 0-0: Foul Ball, location: 2F
0-1: Ground out 3-1 (Groundball, 34)
Batting: RHB Alex Maxwell 0-0: Called Strike
0-1: Ball
1-1: Called Strike
1-2: SINGLE (Groundball, 56D)
Batting: RHB Riley Howard 0-0: Ball
1-0: Ball
2-0: Called Strike
2-1: Ball
3-1: Fly out, F8 (Flyball, 8LXD)
Batting: SHB Lionel Merlet 0-0: Foul Ball, location: 2F
0-1: Fly out, F7 (Flyball, 78M)
Bottom of the 8th over - 0 run(s), 1 hit(s), 0 error(s), 1 left on base; Tacoma 17 - San Antonio 4
TOP OF THE 9TH
Tacoma Fur Traders batting - Pitching for San Antonio BC : LHP José Martínez
Batting: RHB Mario Castillo 0-0: Swinging Strike
0-1: Swinging Strike
0-2: Strikes out swinging
Batting: RHB Cristo González 0-0: Ground out 6-3 (Groundball, 6)
Batting: RHB Gonzalo Manuel 0-0: Ball
1-0: Called Strike
1-1: Ball
2-1: SINGLE (Popup, 8LS)
Batting: RHB Jim Unknown 0-0: Ball
1-0: Called Strike
1-1: Called Strike
1-2: Ball
2-2: SINGLE (Groundball, 4MD)
Gonzalo Manuel to second
Batting: LHB Jim Unknown 0-0: Ground out 4-3 (Groundball, 4)
Top of the 9th over - 0 run(s), 2 hit(s), 0 error(s), 2 left on base; Tacoma 17 - San Antonio 4
BOTTOM OF THE 9TH
San Antonio BC batting - Pitching for Tacoma Fur Traders : RHP Jon Dunn
Batting: RHB Bobby Buck 0-0: Fly out, F6 (Line Drive, 6)
Batting: RHB Tony Hernández 0-0: Called Strike
0-1: Ball
1-1: Ball
2-1: Ground out 4-3 (Groundball, 34)
Batting: RHB Micah Miller 0-0: Called Strike
0-1: Ball
1-1: Ball
2-1: Called Strike
2-2: Strikes out swinging
Bottom of the 9th over - 0 run(s), 0 hit(s), 0 error(s), 0 left on base; Tacoma 17 - San Antonio 4
This league is powered by Out of the Park Baseball, the baseball management simulation game for PC, Mac and Linux
Friday, January 22nd, 2016 - OOTP Baseball 16.9 Build 39